 Dungeon Crawl Stone Soup version 0.22-a0-247-gbddf880 (webtiles) character file.

765 Kavrick the Cutter (level 8, -1/48 HPs)
             Began as a Kobold Gladiator on Feb 26, 2018.
             Slain by a sky beast (6 damage)
             ... on level 5 of the Dungeon on Mar 13, 2018.
             The game lasted 00:13:25 (5209 turns).

Kavrick the Cutter (Kobold Gladiator)               Turns: 5209, Time: 00:13:25

Health: -1/48      AC:  6    Str: 13    XL:     8   Next: 8%
Magic:  8/8        EV: 16    Int:  9    God:
Gold:   138        SH:  0    Dex: 17    Spells: 7/7 levels left

rFire    . . .     SeeInvis .   a - +0 rapier
rCold    . . .     Gourm    .   (shield restricted)
rNeg     . . .     Faith    .   j - +0 ring mail
rPois    .         Spirit   .   c - +0 helmet
rElec    .         Reflect  .   (no cloak)
rCorr    .         Harm     .   (no gloves)
MR       .....                  (no boots)
Stlth    +.........             (no amulet)
HPRegen  0.16/turn              (no ring)
MPRegen  0.11/turn              (no ring)

@: no status effects
A: small, carnivore
a: no special abilities


You were on level 5 of the Dungeon.
You were very full.

You visited 1 branch of the dungeon, and saw 5 of its levels.

You collected 138 gold pieces.

Inventory:

Hand Weapons
 a - a +0 rapier (weapon)
Missiles
 d - 3 throwing nets (quivered)
Armour
 c - a +0 helmet (worn)
 j - a +0 ring mail (worn)
 m - a +0 buckler
Scrolls
 e - a scroll of enchant weapon {unknown}
 g - 3 scrolls of teleportation
 i - 2 scrolls of identify
 p - 2 scrolls of random uselessness
Potions
 b - a potion of lignification {unknown}
 h - a potion of might {unknown}
 k - 2 potions of flight
 l - a potion of degeneration {unknown}
 n - 2 potions of berserk rage {unknown}
 o - 2 potions of curing
 r - a potion of invisibility {unknown}
Comestibles
 f - 9 rations


   Skills:
 + Level 4.3 Fighting
 * Level 7.7 Short Blades
 - Level 2.1 Throwing
 + Level 2.6 Armour
 + Level 5.6 Dodging
 + Level 2.0 Shields


You had 7 spell levels left.
You didn't know any spells.

Dungeon Overview and Level Annotations

Branches:
Dungeon (5/15)
 Temple: D:4-7

Altars:
Ru
Sif Muna
Uskayaw
Vehumet

Shops:
D:4 ?=[}

Annotations:
D:5 Dowan, Duvessa


Innate Abilities, Weirdness & Mutations

You are small and have problems with some larger weapons.
You are carnivorous and can eat meat at any time.


Message History

You barely miss the sky beast.
The sky beast is heavily wounded.
You barely miss the sky beast.
The sky beast is heavily wounded.
The sky beast barely misses you.
You hit the sky beast.
The sky beast is severely wounded.
The sky beast hits you but does no damage.
You closely miss the sky beast.
The sky beast is severely wounded.
The sky beast hits you but does no damage.
You miss the sky beast.
The sky beast is severely wounded.
The sky beast flickers out of sight!
Deactivating autopickup; reactivate with Ctrl-A.
Something hits you but does no damage.
You miss something. Something hits you.
* * * LOW HITPOINT WARNING * * *
Something shocks you.
You die...

# ########### ####.
#...#.....#
....(######.#.#.###.###
.....#..†..#.#.# #..<#
#....####.#.# #####
#....# #...# #..@.#
##### #....{.......
#.......#####
#...........
#........####
.......... .........#
.........#


There were no monsters in sight!

Vanquished Creatures
  Grinder (D:3)
  A water moccasin skeleton (D:4)
  A scorpion (D:3)
  An orc priest (D:3)
  2 hounds (D:4)
  An iguana (D:5)
  3 orc wizards (D:2)
  A worker ant (D:4)
  A hound zombie (D:4)
  5 gnolls
  7 adders
  An ooze (D:2)
  An adder skeleton (D:4)
  A worm (D:2)
  3 dart slugs
  A leopard gecko (D:3)
  15 orcs
  A ball python (D:1)
  7 bats
  4 giant cockroaches
  10 goblins
  10 hobgoblins
  2 jackals (D:1)
  3 quokkas (D:2)
  4 frilled lizards
  12 kobolds
  A leopard gecko skeleton (D:4)
  2 rats
102 creatures vanquished.

Vanquished Creatures (others)
  A leopard gecko (D:2)
1 creature vanquished.

Grand Total: 103 creatures vanquished

Notes
Turn   | Place    | Note
-------+----------+-------------------------------------------
     0 | D:1      | Kavrick the Kobold Gladiator began the quest for the Orb.
     0 | D:1      | Reached XP level 1. HP: 12/12 MP: 1/1
   360 | D:1      | Reached XP level 2. HP: 18/18 MP: 2/2
   578 | D:1      | Reached XP level 3. HP: 17/22 MP: 3/3
  1127 | D:2      | Reached skill level 5 in Short Blades
  1127 | D:2      | Reached skill level 1 in Armour
  1127 | D:2      | Reached XP level 4. HP: 22/27 MP: 4/4
  1482 | D:2      | Found a radiant altar of Vehumet.
  1489 | D:2      | Reached XP level 5. HP: 32/32 MP: 5/5
  2342 | D:2      | Reached skill level 6 in Short Blades
  2342 | D:2      | Reached XP level 6. HP: 28/37 MP: 6/6
  2941 | D:3      | Reached skill level 1 in Shields
  3493 | D:3      | Reached skill level 5 in Dodging
  3622 | D:3      | Noticed Grinder
  3655 | D:3      | Killed Grinder
  3655 | D:3      | Reached skill level 7 in Short Blades
  3655 | D:3      | Reached XP level 7. HP: 20/43 MP: 7/7
  4073 | D:4      | Found Qixtu's Gadget Shop.
  4220 | D:4      | Found Cefragg's Magic Scroll Boutique.
  4239 | D:4      | Found Wutros's Jewellery Shop.
  4267 | D:4      | Found Zitec's Antique Armour Shoppe.
  4314 | D:4      | Found a deep blue altar of Sif Muna.
  4456 | D:4      | Reached XP level 8. HP: 35/48 MP: 8/8
  4579 | D:4      | Found a sacrificial altar of Ru.
  4658 | D:4      | Found a hide-covered altar of Uskayaw.
  5103 | D:5      | Entered Level 5 of the Dungeon
  5103 | D:5      | Noticed Duvessa
  5103 | D:5      | Noticed Dowan
  5209 | D:5      | Slain by a sky beast

Vault maps used:
D:1:      dpeg_arrival_rhombi
D:2:      fiery_altar_vehumet
D:3:      first_ration, grunt_decor_cap, serial_bayou_ford_a, uniq_grinder
D:4:      kennysheep_mini_moat, kennysheep_little_box, serial_shops, shop, shop,
          nicolae_shop_stone, shop, serial_bayou, serial_bayou_pond_d,
          serial_bayou_shore_b, serial_bayou_pond_c, serial_bayou_pond_d,
          serial_bayou_lagoon_a, nicolae_ru_awakened_eye
D:5:      marbit_many_paths, hangedman_abyss_or_decor_stabs, uniq_duvessa

Skill      XL: |  1  2  3  4  5  6  7  8 |
---------------+-------------------------+-----
Dodging        | 4 5 |  5.6
Short Blades   | 5 6 7 |  7.7
Armour         | 1 2 |  2.6
Fighting       | 3 4 |  4.3
Shields        | 1 2 |  2.0
Throwing       | |  2.1

Action                   |  1- 3 |  4- 6 |  7- 9 || total
-------------------------+-------+-------+-------++-------
Melee: Rapier            |   118 |   284 |   119 ||   521
  Use: Potion            |       |     1 |       ||     1
       Scroll            |       |       |     6 ||     6
 Stab: Sleeping          |       |     1 |       ||     1
  Eat: Chunk             |     9 |     8 |     4 ||    21
Armor: Leather armour    |    35 |    25 |       ||    60
       Ring mail         |       |    26 |    20 ||    46
Dodge: Dodged            |   136 |   225 |    58 ||   419

Table legend:
 A = Spawn XP
 B = Non-spawn XP
 C = Spawn XP percentage of total XP
 D = Spawn monster count
 E = Non-spawn monster count
 F = Spawn count percentage of total count
 G = Total turns spent on level
                    A         B        C        D         E        F      G
               +---------+---------+-------+---------+---------+-------+---------
         Total |       0 |    1094 |   0.0 |       0 |     102 |   0.0 |  5209
               +---------+---------+-------+---------+---------+-------+---------
           D:1 |       0 |      59 |   0.0 |       0 |      28 |   0.0 |  1105
           D:2 |       0 |     290 |   0.0 |       0 |      34 |   0.0 |  1696
           D:3 |       0 |     481 |   0.0 |       0 |      29 |   0.0 |  1321
           D:4 |       0 |     228 |   0.0 |       0 |      10 |   0.0 |  1039
           D:5 |       0 |      36 |   0.0 |       0 |       1 |   0.0 |    48
               +---------+---------+-------+---------+---------+-------+---------
